Cogmind - Beta 9.2 @@@ ROGUE MODE // 2019.12.06 @ 21:04:37 Player: Alberaan Result: Self-destructed Performance ------------- Evolutions (2) 1000 Regions Visited (3) 600 Robots Destroyed (35) 175 Value Destroyed (742) 742 Prototype IDs (0) 0 Alien Tech Used (0) 0 Bonus (0) 0 TOTAL SCORE: 2517 Bonus ------- None Cogmind --------- Core Integrity 298/550 Matter 285/300 Energy 81/100 System Corruption 0% Temperature Cool (9) Movement Core (800) Ox15 Location -8/Materials Parts ------- > --- POWER (1) -------- (None) > --- PROPULSION (4) --- (None) > --- UTILITY (3) ------ Large Storage Unit High-capacity Storage Unit > --- WEAPON (3) ------- (None) > --- INVENTORY (18) --- Light Ion Engine Light Ion Engine Aluminum Leg Aluminum Leg Aluminum Leg Aluminum Leg Carbon-fiber Leg Wheel Improved Terrain Scanner Hardened Medium Armor Plating Assault Rifle Welding Torch Peak State ------------ > --- POWER ------------ Light Nuclear Core > --- PROPULSION ------- Aluminum Leg Aluminum Leg Carbon-fiber Leg Carbon-fiber Leg > --- UTILITY ---------- Heat Sink Large Storage Unit High-capacity Storage Unit > --- WEAPON ----------- Small Laser Heavy Particle Cannon Heavy Particle Cannon > --- INVENTORY -------- Ion Engine Light Ion Engine Light Ion Engine Aluminum Leg Aluminum Leg Aluminum Leg Aluminum Leg Carbon-fiber Leg Wheel Wheel Compact Wheel Improved Terrain Scanner Hardened Medium Armor Plating Small Laser Particle Gun Assault Rifle Welding Torch [Rating: 23] Favorites ----------- Power Light Ion Engine Engine Light Ion Engine Power Core Light Nuclear Core Propulsion Aluminum Leg Leg Aluminum Leg Wheel Compact Wheel Utility High-capacity Storage Unit Device Improved Terrain Scanner Storage High-capacity Storage Unit Protection Hardened Medium Armor Plating Weapon Small Laser Energy Gun Small Laser Energy Cannon Heavy Particle Cannon Ballistic Gun Assault Rifle Launcher Grenade Launcher Build | -11 -10 -9 -8 ------- Run | Scr Mat Mat Mat Slots Evolved 4 | . . 2 2 Power . | . . . . Propulsion 2 | . . 1 1 Utility 1 | . . . 1 Weapon 1 | . . 1 . Parts Attached 40 | 7 11 10 12 Power 4 | 2 1 . 1 Engine 3 | 2 . . 1 Core 1 | . 1 . . Reactor . | . . . . Propulsion 10 | 2 1 2 5 Treads . | . . . . Leg 8 | 2 1 2 3 Wheel 2 | . . . 2 Hover . | . . . . Flight . | . . . . Utility 6 | 1 3 . 2 Device 2 | 1 . . 1 Storage 3 | . 3 . . Processor . | . . . . Hackware . | . . . . Protection 1 | . . . 1 Artifact . | . . . . Weapon 20 | 2 6 8 4 Energy Gun 9 | 2 2 3 2 Energy Cannon 2 | . . . 2 Ballistic Gun 4 | . 1 3 . Ballistic Cannon . | . . . . Launcher 5 | . 3 2 . Special Weapon . | . . . . Impact Weapon . | . . . . Slashing Weapon . | . . . . Piercing Weapon . | . . . . Special Melee Weapon . | . . . . Unidentified Prototypes . | . . . . Parts Lost 21 | . 1 5 15 Power 3 | . 1 . 2 Propulsion 8 | . . 1 7 Utility 1 | . . . 1 Weapon 9 | . . 4 5 Highest Loss Streak 9 | . 1 2 9 Average Slot Usage (%) 95 | . 96 96 80 Engine 7 | . 13 . . Core 4 | . . 11 5 Leg 29 | . 27 32 27 Device 1 | . 2 . 4 Storage 22 | . 23 22 18 Energy Gun 17 | . 20 14 9 Ballistic Gun 9 | . 6 15 3 Naked Turns . | . . . . Heaviest Build 74 | 7 57 60 74 Greatest Support 50 | 20 20 30 50 Greatest Overweight (x) 5 | . 5 2 3 Average Overweight (x) 1 | . 1 1 1 Largest Inventory Capacity 18 | 4 18 18 18 Average Capacity 15 | 4 15 18 18 Most Carried 18 | 4 15 17 18 Average Carried 11 | 1 10 13 16 Final Capacity 18 | 4 18 18 18 Final Carried 17 | 4 13 17 12 Class Distribution -------------------- 68% | Mutant 14% | Scavenger-Gunner 9% | Gunner 4% | Scavenger-Mutant 3% | Scavenger-Tank Dominant Class ---------------- Mutant | -10/Materials Scavenger-Gunner | -9/Materials Mutant | -8/Materials Resources | -11 -10 -9 -8 ----------- Run | Scr Mat Mat Mat Matter Collected 712 | 270 169 234 39 Remotely . | . . . . Salvage Created 1246 | 87 434 662 63 Parts 79 | 7 30 34 8 Haulers Intercepted . | . . . . Recyclers Shooed 2 | . 2 . . Parts Field Recycled . | . . . . Retrieved Matter . | . . . . Parts Self-Destructed . | . . . . Prevented . | . . . . Kills | -11 -10 -9 -8 ------- Run | Scr Mat Mat Mat Combat Hostiles Destroyed 22 | 1 6 12 3 Guns 15 | 1 4 10 . Cannons 3 | . . . 3 AOE 4 | . 2 2 . Classes Destroyed 8 | 3 4 1 . Worker 4 | 1 2 1 . Builder 2 | . 1 . 1 Tunneler 2 | 1 1 . . Recycler 4 | . 2 2 . Watcher 1 | . 1 . . Swarmer 6 | . 3 . 3 Grunt 15 | 1 3 11 . Sentry 1 | . . 1 . Best Kill Streak 7 | 2 4 7 3 Combat Bots Only 5 | 1 3 5 3 Max Kills in Single Turn 2 | 1 2 2 1 Gunslinging . | . . . . Exploded 2 | . 2 1 . Melee . | . . . . Uniques/NPCs Destroyed . | . . . . Combat | -11 -10 -9 -8 -------- Run | Scr Mat Mat Mat Damage Taken 2142 | 55 225 629 1233 Core 382 | 21 54 55 252 Absorbed by Shields . | . . . . Core Remaining (%) 82 | 91 70 86 . Volleys Fired 94 | 6 33 41 14 Largest 3 | 2 2 3 3 Hottest 190 | 90 90 126 190 Shots Fired 214 | 12 60 112 30 Gun 196 | 12 58 108 18 Cannon 12 | . . . 12 Launcher 6 | . 2 4 . Special . | . . . . Kinetic 70 | . 14 56 . Thermal 138 | 12 44 52 30 Explosive 6 | . 2 4 . Electromagnetic . | . . . . Robot Hit Streak 7 | 5 5 7 3 Robot Miss Streak 5 | 2 4 3 5 Penetration Max . | . . . . Secondary Targets 1 | . . 1 . Max Gunslinging Chain 1 | . . 1 . Shots Hit Robots 120 | 8 38 63 11 Core Hits 59 | 4 20 30 5 Critical Hits 1 | . . 1 . Critical Kills . | . . . . Critical Parts Destroyed 1 | . . 1 . Melee Attacks . | . . . . Impact . | . . . . Slashing . | . . . . Piercing . | . . . . Sneak Attacks . | . . . . Combat Hostiles . | . . . . Follow-up Attacks . | . . . . Damage Inflicted 1571 | 97 545 745 184 Guns 1323 | 97 471 671 84 Cannons 100 | . . . 100 Explosions 148 | . 74 74 . Melee . | . . . . Ramming . | . . . . Kinetic 378 | . 98 280 . Thermal 1045 | 97 373 391 184 Explosive 148 | . 74 74 . Electromagnetic . | . . . . Impact . | . . . . Slashing . | . . . . Piercing . | . . . . Highest Corruption . | . . . . Average Corruption . | . . . . Corruption Purged . | . . . . Overload Shots . | . . . . Overflow Damage . | . . . . Projectiles . | . . . . Explosions . | . . . . Melee . | . . . . Knockbacks . | . . . . Impact . | . . . . Kinetic . | . . . . Secondary . | . . . . Self-Inflicted Damage 22 | . . 22 . Shots 1 | . . 1 . Rammed . | . . . . Targets Rammed . | . . . . Kicked . | . . . . Crushed . | . . . . Highest Temperature 377 | 180 120 189 377 Average Temperature 71 | 79 31 81 115 Received Heat Transfer 900 | 30 57 300 513 Effects 1 | . . . 1 Matter Decay 1 | . . . 1 Siege Activations . | . . . . Robots Corrupted . | . . . . Combat Hostiles . | . . . . Parts Fried . | . . . . Impact Corruptions . | . . . . Robots Melted . | . . . . Combat Hostiles . | . . . . Parts Melted 3 | 1 . 2 . Heat Transferred 2579 | 248 1063 921 347 Parts Sabotaged . | . . . . Parts Stolen . | . . . . Parts Stripped . | . . . . Power Chain Reactions . | . . . . Missiles Intercepted . | . . . . Alert | -11 -10 -9 -8 ------- Run | Scr Mat Mat Mat Peak Influence 307 | 30 147 307 146 Average Influence 82 | 7 55 147 87 Maximum Alert Level 1 | . . 1 . Low Security (%) 93 | 100 100 78 100 Level 1 6 | . . 21 . Level 2 . | . . . . Level 3 . | . . . . Level 4 . | . . . . Level 5 . | . . . . High Security . | . . . . Max Security . | . . . . Squads Dispatched 6 | . 1 2 3 Investigation 2 | . 1 1 . Extermination . | . . . . Reinforcement 3 | . . 1 2 Assault . | . . . . Garrison 1 | . . . 1 Intercept . | . . . . Construction Impeded . | . . . . Haulers Reinforced . | . . . . Stealth | -11 -10 -9 -8 --------- Run | Scr Mat Mat Mat Distress Signals 1 | . . 1 . Communications Jammed . | . . . . Distress Signals . | . . . . Times Spotted 40 | 1 10 18 11 Peak Tracking Total 9 | 1 3 5 9 Tactical Retreats 2 | . 1 1 . Traps | -11 -10 -9 -8 ------- Run | Scr Mat Mat Mat Traps Triggered . | . . . . Indirectly . | . . . . Trap Hack Attempts . | . . . . Triggered . | . . . . Disarmed . | . . . . Reprogrammed . | . . . . Reused . | . . . . Traps Extracted . | . . . . Installed . | . . . . Triggered . | . . . . Machines | -11 -10 -9 -8 ---------- Run | Scr Mat Mat Mat Machines Disabled 2 | . 1 1 . Max in Single Turn 1 | . 1 1 . Machines Sabotaged . | . . . . Garrisons Compromised . | . . . . Overloaded Fab Kills . | . . . . Fab Network Shutdowns . | . . . . Hacking | -11 -10 -9 -8 --------- Run | Scr Mat Mat Mat Machines Accessed 5 | . 4 1 . Terminals 3 | . 2 1 . Fabricators . | . . . . Repair Stations 1 | . 1 . . Recycling Units 1 | . 1 . . Scanalyzers . | . . . . Garrison Access . | . . . . Total Hacks 16 | . 11 5 . Successful 12 | . 10 2 . Failed 4 | . 1 3 . Catastrophic . | . . . . Database Lockouts . | . . . . Manual 1 | . 1 . . Terminals 12 | . 7 5 . Fabricators . | . . . . Repair Stations 3 | . 3 . . Recycling Units 1 | . 1 . . Scanalyzers . | . . . . Garrison Access . | . . . . Terminal Hacks 8 | . 6 2 . Record 3 | . 2 1 . Emergency Access Points 1 | . 1 . . Alert Level 1 | . 1 . . Maintenance Status 1 | . 1 . . Hauler Manifests 1 | . 1 . . Zone Layout 1 | . . 1 . Fabricator Hacks . | . . . . Repair Station Hacks 3 | . 3 . . Scan Component 2 | . 2 . . Repair 1 | . 1 . . Recycling Unit Hacks 1 | . 1 . . Process 1 | . 1 . . Scanalyzer . | . . . . Garrison Access Hacks . | . . . . Unauthorized Hacks . | . . . . Terminals . | . . . . Fabricators . | . . . . Repair Stations . | . . . . Recycling Units . | . . . . Scanalyzers . | . . . . Garrison Access . | . . . . Data Cores Recovered . | . . . . Used . | . . . . Hacking Detections 3 | . 2 1 . Full Trace Events 3 | . 2 1 . Feedback Events . | . . . . Feedback Blocked . | . . . . Robot Schematics Acquired . | . . . . Robots Built . | . . . . Matter . | . . . . Time . | . . . . Total Robot Build Rating . | . . . . Part Schematics Acquired . | . . . . Parts Built . | . . . . Matter . | . . . . Time . | . . . . Total Part Build Rating . | . . . . Parts Repaired 1 | . 1 . . Time 26 | . 26 . . Parts Recycled . | . . . . Recycled Matter 65 | . 65 . . Retrieved Matter . | . . . . Retrieved Components . | . . . . Parts Scanalyzed . | . . . . Part Schematics Acquired . | . . . . Parts Damaged . | . . . . Bothacking | -11 -10 -9 -8 ------------ Run | Scr Mat Mat Mat Used RIF Installer . | . . . . Robots Hacked . | . . . . Non-combat . | . . . . Combat . | . . . . Robot Hacks Applied . | . . . . Relay Couplers Released . | . . . . Robots Rewired . | . . . . Allies Hacked . | . . . . Hacks Repelled . | . . . . Allies | -11 -10 -9 -8 -------- Run | Scr Mat Mat Mat Total Allies . | . . . . Largest Group . | . . . . Highest-Rated Group . | . . . . Highest-Rated Ally . | . . . . Total Orders . | . . . . Ally Attacks . | . . . . Total Damage . | . . . . Kills . | . . . . Allies Corrupted . | . . . . Allies Melted . | . . . . Intel | -11 -10 -9 -8 ------- Run | Scr Mat Mat Mat Robot Analysis Total . | . . . . Derelict Logs Recovered . | . . . . Drone Launches . | . . . . Drone Recoveries . | . . . . Exploration | -11 -10 -9 -8 ------------- Run | Scr Mat Mat Mat Turns Passed 1739 | 138 908 524 169 Spaces Moved 886 | 111 467 233 75 Core 43 | 43 . . . Treads . | . . . . Legs 834 | 68 467 233 66 Wheels 9 | . . . 9 Hover . | . . . . Flight . | . . . . Fastest Speed 50 | 50 120 150 110 Average Speed 152 | 92 167 152 146 Slowest Speed 270 | 120 270 180 210 Overloaded Moves . | . . . . Propulsion Burnouts . | . . . . Robots Hopped . | . . . . Cave-ins Triggered . | . . . . Exploration Rate (%) 20 | 8 33 21 18 Regions Visited 3 Branch Regions . Pre-discovered Areas . | . . . . Known Exits Taken . | . . . . Unknown Exits Taken 3 | 1 1 1 . Scrap Searched . | . . . . Spaces Dug . | . . . . Terrain Destroyed 46 | . 13 26 7 Melee . | . . . . Projectile 7 | . . . 7 AOE 39 | . 13 26 . Actions | -11 -10 -9 -8 --------- Run | Scr Mat Mat Mat Total 1101 | 132 538 319 112 Wait 31 | 1 8 22 . Move 883 | 110 466 232 75 Hop . | . . . . Pick Up 34 | 6 11 11 6 Fast Attach 7 | 5 2 . . Attach 33 | 2 9 10 12 Detach 14 | 1 8 3 2 Swap . | . . . . Drop 5 | 1 1 . 3 Fire 94 | 6 33 41 14 Melee . | . . . . Ram . | . . . . Kick . | . . . . Crush . | . . . . Escape Stasis . | . . . . Rewire . | . . . . Trap . | . . . . Miscellaneous . | . . . . Route ------- -11/Scrapyard -10/Materials -9/Materials -8/Materials History --------- Turn | Location | Event 2 | -11/Scrapyard | Met Revision 17 92 | -11/Scrapyard | Discovered new exit (range 8) 139 | -11/Scrapyard | Entered Materials 317 | -10/Materials | Build established: Mutant 946 | -10/Materials | Discovered new exit (range 15) 1017 | -10/Materials | Repaired Aluminum Leg 1047 | -10/Materials | Entered another Materials area 1047 | -9/Materials | Evolved 2 slots: Propulsion x1, Weapon x1 1542 | -9/Materials | Discovered new exit (range 16) 1571 | -9/Materials | Entered another Materials area 1571 | -8/Materials | Evolved 2 slots: Propulsion x1, Utility x1 1643 | -8/Materials | Garrison activated, responded to threat 1718 | -8/Materials | Lost 6 parts (1p3n2w) 1740 | -8/Materials | Self-destructed Last Messages --------------- Lgt. Nuclear Core destroyed. K-01 Serf collects debris. Hvy. Particle Cannon destroyed. K-01 Serf cleans the Matter Pump. Aluminum Leg destroyed. K-01 Serf collects debris. ALERT: Hostiles spotted, dispatching reinforcements to Terminal M012. Door malfunctions. U-05 Engineer repairs door. [Achievement: Storm Trooper] U-05 Engineer destroyed. Sml. Laser destroyed. Carbon-fiber Leg destroyed. Particle Gun destroyed. Heat Sink destroyed. Carbon-fiber Leg destroyed. Wheel destroyed. Ion Engine destroyed. G-47 Trooper destroyed. Com. Wheel destroyed. Map ----- +----------------------------------------------------+ | ?????????????????????????????????????????????????? | | ?????????????????????????????????????????????????? | | ?????????????????????????????????????????????????? | | ?????????????????????????????????????????????????? | | ?????????????????????????????????????????????????? | | ?????????????????????????????????????????????????? | | ?????????????????????????????????????????????????? | | ?????????????????????????????????????????????????? | | ?????????????????????????????????????????????????? | | ?????????????????????????????????????????????????? | | ???????????????????????ak ???????????????????????? | | ??????????????????????+ ???????????????????????? | | ??????????????????????# ???????????????????????? | | ??????????????????????# ???????????????????????? | | ???????#?????????????##a #??????????????????????? | | ???? ##??????????## ??????????????????????? | | ?? ?????????? ??????????????????????? | | ! ?????????? ??????????????????????? | | ! !!! ??????????? ??????????????????????? | | ! ![! #?????????? u ??????????????????????? | | [ ![ #??????????# #??????????????????????? | | ? #?##########u #??????????????????????? | | ??# #?# ## #??????????????????????? | | ??# ""# # #??????????????????????? | | ??# T"# = ## #??????????????????????? | | ??# "?# ## @#??????????????????????? | | ??# """ ### !! ## ####???????????????????? | | ??# """ ## !! ## !!##??????????????????? | | ??# """ + ## !#??????????????????? | | ??# ## !## !#??????????????????? | | ??# ## ## !#??????????????????? | | ??# ## "T" ## !#??????????????????? | | ??# ## ##Y% !!##??????????????????? | | ?## #####+#####Yg ####???????????????????? | | ?# = Y g #??????????????????????? | | # * #??????????????????????? | | =#=[ % #??????????????????????? | | [/[ =###+######+######g####??????????????????????? | | #%* #?????? # ?? ?????????????????????????? | | #% #?????? # # ""????????????????????????? | | ## ##?????"# ? # "G ???????????????????????? | | # #?????"#!??? !# "" ??????????????????????? | | !#??????#!??? # ?????????????????????? | | #??????#!???? # """ ! ?????????????????????? | | #??????#??????# ""?? ????????????????????? | | # #?????????????# ???????????????????????????? | | #######?????????????# ???????????????????????????? | | ?????????????????????#???????????????????????????? | | ?????????????????????????????????????????????????? | | ?????????????????????????????????????????????????? | +----------------------------------------------------+ Best States ------------- Heat Dissipation 41 Energy Generation 14 Energy Capacity 250 Matter Stores 300 Matter Capacity 300 Sight Range 16 Terrain Scan Range 16 Terrain Scan Density 10 Armor Coverage 225 Evasion (%) 50 Item Schematics ----------------- None Robot Schematics ------------------ None Fabricated ------------ Nothing Alien Tech Used ----------------- None Achievements -------------- One Hack Too Far Part-time Mechanic Shopping List Storm Trooper Troublemaker Uninvited Guest Challenges ------------ None Game ------ Seed InertialAntimissileCannon Manual? 0 Play Time 01:31:44 Cumulative 3.0 hours Start 2019.12.05 @ 21:27:33 End 2019.12.06 @ 21:04:37 Sessions 3 Manual Loads 0 Difficulty Rogue Special Mode None Game No. 1 Rogue 1 Adventurer 0 Explorer 0 Win Type - Total 0 Types 0/0/0/0/0/0/0 Lore% 0 Gallery% 2 Achievement% 2 Wizard Run 0 Options --------- ASCII 0 Keyboard 1 Movement Vi Keybinds 0 Fullscreen 1 Font 18/SmallcapsGlow Map View 76x50 Tactical HUD 0 Map Filters NONE Filters NONE Steam 1 RUN: 884ac3ca-89f9-4b14-9182-ac8284fdec14